 Dungeon Crawl Stone Soup version 0.32-a0-834-geaf45d8e21 (webtiles) character file.

Game seed: 15839094543075583177

17010 ezpacito the Fighter (level 12, -8/105 (110) HPs)
             Began as a Coglin Chaos Knight on Mar 25, 2024.
             Was a Plaything of Xom.
             Mangled by an ice devil (11 damage)
             ... on level 1 of the Abyss.
             The game lasted 00:15:29 (8324 turns).

ezpacito the Fighter (Coglin Chaos Knight)          Turns: 8324, Time: 00:15:30

HP:   -8/105 (110)  AC: 19    Str: 18    XL:     12   Next: 43%
MP:   18/18         EV: 11    Int: 11    God:    Xom [..*...]
Gold: 68            SH:  0    Dex: 14    Spells: 8/19 levels left

rFire   + + .        T - +5 demon blade (chaos) {Njabulo}
rCold   . . .        a - +0 hand axe (chaos) {Bunsong}
rNeg    + . .        K - +5 scale mail of Leyhuoc {rElec rN+ Slay+2}
rPois   .            (helmet restricted)
rElec   +            m - +2 cloak
rCorr   .            h - +1 pair of gloves
SInv    .            j - +0 pair of boots
Will    .....        (amulet unavailable)
Stlth   +            (ring unavailable)
HPRegen 1.17/turn    (ring unavailable)
MPRegen 0.16/turn    (no gizmo)

%: no passive effects
@: fugue, lightly drained, revved
A: off-hand wielding, slow wielding, warmup strikes, no jewellery, horns 1, fire
resistance 2, regeneration 1, robust 2
a: Invent Gizmo, Renounce Religion


You were on level 1 of the Abyss.
You worshipped Xom.
You were a toy of Xom.
You visited 2 branches of the dungeon, and saw 12 of its levels.
You visited the Abyss 1 time.

You collected 532 gold pieces.
You spent 464 gold pieces at shops.

Inventory:

Hand Weapons
 a - a +0 hand axe of chaos (offhand) {Bunsong}
 d - a +2 whip of holy wrath
 g - a +3 falchion of holy wrath
 u - a +0 trident
 T - a +5 demon blade of chaos (weapon) {Njabulo}
Missiles
 b - 16 boomerangs
 c - 4 datura-tipped darts
 s - 6 curare-tipped darts (quivered)
 v - 39 poisoned darts
 w - 17 javelins
 B - 2 darts of dispersal
 E - 6 throwing nets
Armour
 h - a +1 pair of gloves (worn)
 j - a +0 pair of boots (worn)
 m - a +2 cloak (worn)
 x - a +1 chain mail of poison resistance
 y - a +0 helmet
 K - the +5 scale mail of Leyhuoc (worn) {rElec rN+ Slay+2}
   (You found it on level 8 of the Dungeon)

   Slay+2:    It affects your accuracy & damage with ranged weapons and melee
   (+2).
   rElec:     It insulates you from electricity.
   rN+:       It protects you from negative energy.
 R - a +0 plate armour
Magical Staves
 l - a staff of death
Talismans
 S - a flux talisman
Wands
 D - a wand of digging (7)
 H - a wand of roots (5)
 I - a wand of paralysis (12)
Scrolls
 e - a scroll of brand weapon {unknown}
 f - 6 scrolls of immolation
 k - a scroll of vulnerability {unknown}
 o - 3 scrolls of revelation
 p - 2 scrolls of fog
 t - a scroll of teleportation
 G - a scroll of noise
 J - a scroll of poison
 P - a scroll of torment
 Q - 2 scrolls of enchant armour {unknown}
Potions
 q - a potion of curing
 r - a potion of mutation
 z - a potion of attraction
 A - 2 potions of brilliance
 U - a potion of magic


   Skills:
 * Level 8.0 Fighting
 + Level 5.0 Long Blades
 * Level 7.9(8.6) Axes
 + Level 4.6(6.6) Polearms
 * Level 6.9 Armour
 * Level 6.7 Dodging
 + Level 4.8 Stealth
 + Level 4.3 Spellcasting
 + Level 4.1 Necromancy
 + Level 4.1 Translocations
 + Level 5.1 Alchemy
 + Level 5.0 Evocations


You had 8 spell levels left.
You knew the following spells:

 Your Spells              Type           Power      Damage    Failure   Level
a - Cigotuvi's Dreadful   Necr/Alch/Air  18%        N/A       28%         2
b - Dispel Undead         Necr           11%        3d9       75%         4
c - Petrify               Alch/Erth      8%         N/A       92%         4
g - Apportation           Tloc           22%        N/A       12%         1

Your spell library contained the following spells:

 Spells                   Type           Power      Damage    Failure   Level
 Sublimation of Blood     Necr           11%        N/A       19%         2
 Kiss of Death            Conj/Necr      24%        2d7       28%         1
 Vampiric Draining        Necr           11%        2d6       34%         3
 Slow                     Hex            8%         N/A       54%         1
 Jinxbite                 Hex            4%         N/A       69%         2
 Static Discharge         Conj/Air       4%         3-4/arc   69%         2
 Confusing Touch          Hex            2%         N/A       89%         3
 Sigil of Binding         Hex            2%         N/A       89%         3
 Summon Ice Beast         Ice/Summ       2%         N/A       89%         3
 Alistair's Intoxication  Alch           8%         N/A       91%         5
 Martyr's Knell           Necr/Summ      6%         N/A       95%         4
 Vhi's Electric Charge    Tloc/Air       12%        N/A       95%         4
 Irradiate                Conj/Alch      4%         3d13      99%         5
 Airstrike                Air            1%         2d(1-17)  100%        4
 Summon Lightning Spire   Summ/Air       2%         N/A       100%        4
 Silence                  Hex/Air        1%         N/A       100%        5
 Death Channel            Necr           5%         N/A       100%        6
 Plasma Beam              Fire/Air       1%         2x1d11    100%        6
 Sculpt Simulacrum        Ice/Alch       4%         N/A       100%        6
 Fire Storm               Conj/Fire      1%         7d1       100%        9


Dungeon Overview and Level Annotations

Branches:
Dungeon (11/15)            Temple (1/1) D:7            Lair (0/5) D:10
    Orc (0/2) D:9

Altars:
Ashenzari
Cheibriados
Dithmenos
Elyvilon
Fedhas
Gozag
Hepliaklqana
Kikubaaqudgha
Makhleb
Nemelex Xobeh
Okawaru
Qazlal
Ru
Sif Muna
Trog
Uskayaw
Vehumet
Wu Jian
Xom
Yredelemnul
Zin
The Shining One

Shops:
D:8 *   D:10 !


Innate Abilities, Weirdness & Mutations

You can wield a second weapon in your off-hand.
It takes a long time for you to wield or remove held weapons.
Your first few attacks do less damage.
You cannot equip rings or amulets.
You have a pair of small horns on your head.
Your flesh is very heat resistant. (rF++)
Your natural rate of healing is unusually fast.
You are very robust. (+20% HP)


Message History

You hit the ice devil but do no damage.
The ice devil blinks!
You strike the helpless large abomination from behind!
You hit the large abomination with your +5 demon blade of chaos.
The large abomination seems to slow down.
The large abomination barely misses you.
You catch the helpless large abomination completely off-guard!
You hit the large abomination but do no damage.
Nothing appears to happen.
You headbutt the large abomination, but do no damage.
The large abomination is severely damaged.
You hit the large abomination but do no damage.
The large abomination hits you!
You take 7 damage, and have 56/102 hp.
You hit the large abomination with your +0 hand axe of chaos.
You burn the large abomination.
You headbutt the large abomination, but do no damage.
The large abomination is severely damaged.
You barely miss the ice devil with your +0 hand axe of chaos.
You catch the helpless large abomination completely off-guard!
You slice the large abomination with your +5 demon blade of chaos!!
You destroy the large abomination!
The ice devil hits you. The ice devil freezes you!!
Your Long Blades skill increases to level 5!
You take 21 damage, and have 35/105 hp.
You hit the ice devil but do no damage.
The ice devil seems to speed up.
You slash the ice devil with your +5 demon blade of chaos!
The ice devil hits you!
* * * LOW HITPOINT WARNING * * *
The ice devil freezes you!!
* * * LOW HITPOINT WARNING * * *
The ice devil hits you but does no damage.
You take 29 damage, and have 6/105 hp.
MASSIVE DAMAGE!!
You completely miss the ice devil with your +0 hand axe of chaos.
The ice devil is lightly wounded.
You slice the ice devil with your +5 demon blade of chaos!!
The ice devil seems to grow stronger.
The ice devil hits you.
* * * LOW HITPOINT WARNING * * *
The ice devil freezes you!
You die...
Xom roars with laughter!

. ......# #. .
#..##. # . . .
# ####
#...#.##### #
##.. ### .#.
.# ..
.#...#.##..# #
#...#.#.#.#.#
.....#.#.#..##
.##..###.@4###
#...#.#.#
#.#..#..# #.
##..## ..# ##
.. # #. #.. #.
.. .. ..


You could see an ice devil (fast, strong).

Vanquished Creatures
  A tentacled starspawn (Abyss:1)
  A draconian scorcher (Abyss:1)
  An ophan (Abyss:1)
  An ettin (D:9)
  2 two-headed ogres
  A thrashing horror (Abyss:1)
  A skyshark (D:10)
  Pikel (D:5)
  A large abomination (Abyss:1)
  2 manticores (D:11)
  A will-o-the-wisp (Abyss:1)
  2 smoke demons (Abyss:1)
  A centaur skeleton (Abyss:1)
  A gargoyle (D:11)
  A kobold demonologist (D:10)
  An ancient zyme (Abyss:1)
  A polar bear (D:9)
  3 trolls (D:10)
  2 blink frogs (Abyss:1)
  A wraith (D:11)
  Sigmund (D:4)
  A wyvern (D:9)
  6 yaks
  A small abomination (Abyss:1)
  3 water moccasins (D:8)
  4 ice beasts
  A black bear (D:4)
  3 orc warriors
  5 laughing skulls (Abyss:1)
  An ogre (D:6)
  A wolf (shapeshifter) (D:9)
  6 wolves
  3 centaurs
  2 phantoms
  3 kobold brigands
  Blork the orc (D:5)
  2 weeping skulls
  6 bullfrogs
  A gnoll sergeant (D:8)
  2 scorpions (D:6)
  An electric eel (D:10)
  A jelly (D:5)
  6 orc priests
  2 bombardier beetles
  8 hounds
  2 iguanas
  An iron imp (Abyss:1)
  2 sleepcaps
  A gnoll bouda (D:5)
  7 orc wizards
  Robin (D:4)
  9 gnolls
  7 adders
  3 shadow imps
  A white imp (D:8)
  7 ufetubi
  4 dart slugs
  A ribbon worm (D:3)
  34 orcs
  4 ball pythons
  6 endoplasms
  A giant cockroach (D:1)
  15 goblins
  7 hobgoblins
  17 kobolds
  4 quokkas
  4 bats
  A frilled lizard (D:3)
  A rat (D:2)
  A spectral orc (D:3)
238 creatures vanquished.

Vanquished Creatures (collateral kills)
  A worldbinder (Abyss:1)
  An orc warrior (D:6)
  A centaur (D:6)
  A small abomination (Abyss:1)
  A hound (D:6)
  An orc wizard (D:6)
  A white imp (D:6)
  An orc (D:6)
8 creatures vanquished.

Vanquished Creatures (others)
  An eldritch tentacle (D:8)
  A bullfrog (D:8)
  6 foxfires (Abyss:1)
  4 starspawn tentacles (Abyss:1)
12 creatures vanquished.

Grand Total: 258 creatures vanquished

Notes
Turn   | Place    | Note
-------+----------+-------------------------------------------
     0 | D:1      | ezpacito the Coglin Chaos Knight began the quest for the
                  | Orb.
     0 | D:1      | Reached XP level 1. HP: 18/18 MP: 1/1
    15 | D:1      | XOM: silly message
    32 | D:1      | Reached skill level 1 in Dodging
    36 | D:1      | Reached XP level 2. HP: 20/24 MP: 2/2
   333 | D:1      | Reached XP level 3. HP: 29/29 MP: 3/3
   533 | D:1      | Found a faded altar of an unknown god.
   693 | D:1      | XOM is BORED!
   693 | D:1      | XOM: summons 2 hostile demons
   752 | D:2      | XOM: 2-stop teleportation journey
   880 | D:2      | XOM: cast spell 'Cause Fear'
   932 | D:2      | XOM: 1-stop teleportation journey
  1058 | D:2      | XOM: cloud trail
  1164 | D:2      | XOM: draining
  1240 | D:2      | XOM: god gift: +3 demon blade of chaos
  1270 | D:2      | Reached XP level 4. HP: 30/31 MP: 4/4
  1462 | D:3      | Found a basalt altar of Yredelemnul.
  1462 | D:3      | Noticed a weeping skull
  1471 | D:3      | Killed a weeping skull
  1472 | D:3      | Reached skill level 1 in Polearms
  1472 | D:3      | Reached XP level 5. HP: 37/42 MP: 4/6
  1488 | D:3      | XOM: divination: detect creatures
  1564 | D:3      | Found a snail-covered altar of Cheibriados.
  1814 | D:3      | Reached skill level 1 in Spellcasting
  1816 | D:3      | Reached skill level 1 in Stealth
  1868 | D:3      | XOM: 4-stop teleportation journey
  1985 | D:3      | XOM: give mutation
  1985 | D:3      | Gained mutation: Your flesh is heat resistant. (rF+) [Xom's
                  | grace]
  2017 | D:3      | Learned a level 1 spell: Apportation
  2020 | D:3      | Learned a level 2 spell: Cigotuvi's Dreadful Rot
  2258 | D:3      | Found a glowing silver altar of Zin.
  2420 | D:4      | Reached XP level 6. HP: 48/48 MP: 7/7
  2429 | D:4      | XOM: god gift: whip {god gift}
  2471 | D:4      | Noticed a black bear
  2475 | D:4      | Noticed Robin
  2481 | D:4      | Killed a black bear
  2482 | D:4      | Reached skill level 4 in Fighting
  2482 | D:4      | Reached skill level 1 in Long Blades
  2486 | D:4      | Killed Robin
  2672 | D:4      | Noticed Sigmund
  2689 | D:4      | Killed Sigmund
  2690 | D:4      | Reached skill level 1 in Alchemy
  2690 | D:4      | Reached XP level 7. HP: 54/54 MP: 7/9
  2944 | D:5      | Entered Level 5 of the Dungeon
  3038 | D:5      | XOM: cleaving
  3045 | D:5      | Noticed Pikel
  3054 | D:5      | XOM: confusion
  3060 | D:5      | Killed Pikel
  3061 | D:5      | Reached skill level 5 in Fighting
  3061 | D:5      | Reached XP level 8. HP: 17/62 MP: 10/10
  3233 | D:5      | XOM: summons friendly white imp
  3235 | D:5      | Reached skill level 5 in Axes
  3394 | D:5      | XOM: noise
  3767 | D:5      | Noticed Blork the orc
  3770 | D:5      | XOM: summons 2 hostile shadow creatures
  3797 | D:5      | Killed Blork the orc
  3944 | D:5      | XOM: noise
  3980 | D:5      | XOM: give mutation
  3980 | D:5      | Gained mutation: You have a pair of small horns on your
                  | head. [Xom's grace]
  4082 | D:6      | XOM: scenery: summon butterflies
  4093 | D:6      | Reached XP level 9. HP: 68/68 MP: 12/12
  4111 | D:6      | Reached skill level 1 in Necromancy
  4143 | D:6      | Found a broken altar of Ashenzari.
  4166 | D:6      | XOM: god gift: staff of death
  4203 | D:6      | Reached skill level 1 in Translocations
  4346 | D:6      | Reached skill level 1 in Evocations
  4584 | D:6      | Learned a level 4 spell: Dispel Undead
  4589 | D:6      | Learned a level 4 spell: Petrify
  4810 | D:7      | Found a staircase to the Ecumenical Temple.
  4829 | Temple   | XOM: noise
  4829 | Temple   | Entered the Ecumenical Temple
  5176 | D:7      | XOM: give mutations
  5176 | D:7      | Gained mutation: You are robust. (+10% HP) [Xom's grace]
  5176 | D:7      | Gained mutation: Your flesh is very heat resistant. (rF++)
                  | [Xom's grace]
  5176 | D:7      | Gained mutation: Your natural rate of healing is unusually
                  | fast. [Xom's grace]
  5176 | D:7      | Gained mutation: You are very robust. (+20% HP) [Xom's
                  | grace]
  5317 | D:8      | Found Koruahag's Serpentskin Sales.
  5328 | D:8      | Reached skill level 6 in Fighting
  5338 | D:8      | Bought 4 poisoned darts for 28 gold pieces
  5338 | D:8      | Bought a scroll of poison for 48 gold pieces
  5338 | D:8      | Bought 5 poisoned darts for 36 gold pieces
  5427 | D:8      | Got the Tome of Gases and Blows
  5496 | D:8      | XOM: cast spell 'Malign Gateway'
  5500 | D:8      | Reached XP level 10. HP: 34/91 MP: 14/14
  5522 | D:8      | Identified the +5 scale mail of Leyhuoc {rElec rN+ Slay+2}
  5571 | D:8      | Reached skill level 5 in Armour
  5868 | D:8      | XOM: divination: detect creatures
  5899 | D:8      | XOM: scenery: create altars
  5906 | D:8      | XOM: cloud trail
  5972 | D:9      | XOM: summons 6 hostile demons
  5979 | D:9      | Reached skill level 5 in Dodging
  5999 | D:9      | Found a sparkling altar of Nemelex Xobeh.
  6022 | D:9      | Noticed Grum
  6022 | D:9      | Grum changed into Grum the shapeshifter
  6022 | D:9      | XOM: polymorph Grum -> Grum the shapeshifter
  6156 | D:9      | Noticed Harold
  6157 | D:9      | Noticed a two-headed ogre
  6160 | D:9      | Harold changed into Harold the ettin
  6160 | D:9      | Noticed Harold
  6160 | D:9      | XOM: polymorph Harold -> Harold the ettin
  6162 | D:9      | XOM: draining
  6164 | D:9      | Killed Harold the ettin
  6166 | D:9      | Killed a two-headed ogre
  6231 | D:9      | XOM: polymorph acid dragon -> polar bear
  6471 | D:9      | Found a staircase to the Orcish Mines.
  6580 | D:9      | Found an opulent altar of Gozag.
  6801 | D:10     | Entered Level 10 of the Dungeon
  6808 | D:10     | Noticed a two-headed ogre
  6813 | D:10     | XOM: potion effect (haste)
  6814 | D:10     | Killed a two-headed ogre
  6815 | D:10     | Reached XP level 11. HP: 82/99 MP: 14/16
  6871 | D:10     | XOM: silly message
  6872 | D:10     | XOM: cast spell 'Fugue of the Fallen'
  6883 | D:10     | Reached skill level 7 in Fighting
  6988 | D:10     | XOM: potion effect (invisibility)
  7174 | D:10     | Found Athorph's Distillery.
  7181 | D:10     | Bought a potion of ambrosia for 128 gold pieces
  7181 | D:10     | Bought a potion of invisibility for 128 gold pieces
  7181 | D:10     | Bought a potion of curing for 48 gold pieces
  7181 | D:10     | Bought a potion of curing for 48 gold pieces
  7194 | D:10     | XOM: cast spell 'Leda's Liquefaction'
  7195 | D:10     | Found a staircase to the Lair.
  7201 | D:10     | Noticed a two-headed ogre
  7202 | D:10     | XOM: cast spell 'Alistair's Intoxication'
  7215 | D:10     | a two-headed ogre changed into a skyshark
  7215 | D:10     | Noticed a skyshark
  7232 | D:10     | Killed a skyshark
  7455 | D:11     | Noticed a cyclops
  7462 | D:11     | a cyclops changed into a manticore
  7462 | D:11     | Noticed a manticore
  7462 | D:11     | Killed a manticore
  7525 | D:11     | Got the Folio of the Chill and Anemomancy
  7646 | D:11     | XOM: cloud trail
  7672 | D:11     | Noticed a manticore
  7683 | D:11     | Killed a manticore
  7765 | D:11     | XOM: silly message
  7826 | Abyss:1  | Cast into level 1 of the Abyss (orc warrior)
  7890 | Abyss:1  | XOM: divination: detect creatures
  7938 | Abyss:1  | Noticed a will-o-the-wisp
  7940 | Abyss:1  | XOM: smoke on damage
  7953 | Abyss:1  | Killed a will-o-the-wisp
  7956 | Abyss:1  | XOM: polymorph smoke demon -> shadow imp
  7967 | Abyss:1  | Noticed a red draconian scorcher
  7973 | Abyss:1  | XOM: noise
  7981 | Abyss:1  | Killed a red draconian scorcher
  7988 | Abyss:1  | Noticed a tentacled starspawn
  8001 | Abyss:1  | XOM: cast spell 'Summon Mana Viper'
  8001 | Abyss:1  | Killed a tentacled starspawn
  8002 | Abyss:1  | Reached XP level 12. HP: 41/110 MP: 18/18
  8010 | Abyss:1  | Noticed a naga warrior
  8011 | Abyss:1  | Noticed a naga warrior
  8015 | Abyss:1  | Noticed a naga warrior
  8019 | Abyss:1  | XOM: potion effect (curing)
  8053 | Abyss:1  | Noticed a thrashing horror
  8057 | Abyss:1  | Killed a thrashing horror
  8151 | Abyss:1  | Noticed an ophan
  8170 | Abyss:1  | Killed an ophan
  8171 | Abyss:1  | Reached skill level 5 in Alchemy
  8219 | Abyss:1  | XOM: cast spell 'Olgreb's Toxic Radiance'
  8225 | Abyss:1  | Reached skill level 5 in Evocations
  8239 | Abyss:1  | Reached skill level 8 in Fighting
  8318 | Abyss:1  | XOM: cast spell 'Fugue of the Fallen'
  8323 | Abyss:1  | Reached skill level 5 in Long Blades
  8324 | Abyss:1  | HP: 3/105 [ice devil (4)]
  8324 | Abyss:1  | Mangled by an ice devil

Illustrated notes

Levels and vault maps discovered:
D:1:      evilmike_arrival_home_sweet_home, layout_loops_ring,
          shapermc_ecumenical_altar_mp_highgroup
D:2:      layout_loops_ring, patterned_corridor
D:3:      layout_loops_ring, yredelemnul_forgotten_temple_becter,
          mainiacjoe_overflow_swirl
D:4:      layout_basic, uniq_robin, uniq_sigmund
D:5:      layout_basic, hangedman_abyss_or_decor_lesser_grid, uniq_pikel,
          uniq_blork_the_orc
D:6:      layout_cave_pools, ashenzari_conservatory_becter
D:7:      layout_loops_cross, minmay_temple_entry_drinking_statues,
          minmay_liquid_box
D:8:      layout_layer_cave, chequers_serial_rivers_room_a,
          grunt_decor_one_mirror, guppyfry_shop_venom
D:9:      layout_roguey, kennysheep_little_box, nemelex_diamond_rough_becter,
          orc_0_dummy, grunt_ministairs_8, uniq_grum, uniq_harold
D:10:     layout_irregular_city, erik_lair_island, serial_shops,
          nicolae_shop_just_a_little_nook
D:11:     layout_long_grid, beargit_hepliaklqana_dungeon_heroes
Temple:   eino_temple_scatter_basement
Abyss:1:  base: D:9, abyss_greek_temple

Skill      XL: |  1  2  3  4  5  6  7  8  9 10 11 12 |
---------------+-------------------------------------+-----
Dodging        | 1 2 3 4 5 6 |  6.7
Armour         | 2 3 4 5 6 |  6.9
Polearms       | 1 2 3 4 |  4.6
Spellcasting   | 1 2 3 4 |  4.3
Stealth        | 1 2 3 4 |  4.8
Fighting       | 4 5 6 7 8 |  8.0
Long Blades    | 1 2 3 4 5 |  5.0
Axes           | 4 5 6 7 |  7.9
Alchemy        | 1 2 3 4 5 |  5.1
Necromancy     | 2 3 4 |  4.1
Translocations | 2 3 4 |  4.1
Evocations     | 2 3 4 5 |  5.0

Action                     |  1- 3 |  4- 6 |  7- 9 | 10-12 || total
---------------------------+-------+-------+-------+-------++-------
  Melee: Dagger            |     7 |       |       |       ||     7
         Hand axe          |    48 |    69 |   136 |   232 ||   485
         Spear             |    51 |       |       |       ||    51
         Demon blade       |     1 |    75 |   143 |   240 ||   459
         Headbutt          |       |       |    17 |    61 ||    78
  Evoke: Wand              |       |       |       |     7 ||     7
    Use: Potion            |       |       |     5 |     9 ||    14
         Scroll            |       |       |    11 |     8 ||    19
   Stab: Paralysed         |       |     1 |     1 |    12 ||    14
         Confused          |       |       |     2 |     3 ||     5
         Invisible         |       |       |       |    10 ||    10
         Sleeping          |       |       |       |     1 ||     1
         Petrifying        |       |       |       |     3 ||     3
 Armour: Leather armour    |    32 |    17 |       |       ||    49
         Chain mail        |       |    83 |   178 |       ||   261
         Scale mail        |       |       |       |   389 ||   389
  Dodge: Dodged            |    24 |    39 |    85 |   240 ||   388

Table legend: (Time is in decaauts)
 A = Elapsed time spent in this place.
 B = Non-inter-level travel time spent in this place.
 C = Inter-level travel time spent in this place.
 D = Time resting spent in this place.
 E = Time spent auto-exploring this place.
 F = Levels seen in this place.
 G = Mean time per level.
                   A        B        C        D        E       F      G
               +--------+--------+--------+--------+--------+-----+--------+
         Total |   8353 |   7831 |    522 |    138 |   5931 |  13 |  642.5 |
       Dungeon |   7844 |   7322 |    522 |     53 |   5819 |  11 |  713.1 |
        Temple |      1 |      1 |      0 |      0 |      0 |   1 |    1.0 |
         Abyss |    507 |    507 |      0 |     85 |    112 |   1 |  507.0 |
               +--------+--------+--------+--------+--------+-----+--------+

Top non-repeatable levels by time:
     D:5: 1070 daAuts
     D:3: 977 daAuts
     D:9: 821 daAuts
     D:8: 718 daAuts
     D:1: 700 daAuts
     D:2: 666 daAuts
     D:7: 657 daAuts
    D:10: 637 daAuts
     D:4: 618 daAuts
     D:6: 603 daAuts
 Abyss:1: 507 daAuts
    D:11: 370 daAuts
  Temple: 1 daAuts
